AoeStats
← OmarGutieG

Arabia

506249423Analyzed
2v2 RM · 19d ago on Sep 12, 2026· 39m 58s· 4 players
Game mode
Random Map
Map size
Medium (4 player)
Population
200
Speed
Normal
Resources
Standard
Victory
Conquest
Starting age
Dark Age
Ending age
Imperial Age
RankedLock teamsTeams togetherTeam positionsShared explorationLock speedFull tech treeHidden civsTurbo modeCheats
Victory
Defeat
🇦🇷 Shu · Argentina
1321
+16
🇦🇷 Khitans · Argentina
1286
+17
🇲🇽 Magyars · Mexico
1319
-17
🇲🇽 Ethiopians · Mexico
1311
-16
jj
6:44 Loom
9:30 Feudal Age
10:15 Double-Bit Axe
13:42 Fletching
15:35 Padded Archer Armor
16:29 Town Watch
23:32 Castle Age
22:59 Gold Mining
23:34 Crossbowman
24:27 Forging
24:15 Bodkin Arrow
25:31 Ballistics
27:45 Horse Collar
28:40 Thumb Ring
31:18 Wheelbarrow
40:32 Imperial Age
38:40 Bow Saw
38:32 Heavy Plow
38:51 Leather Archer Armor
juanma_812
2:57 Loom
9:29 Feudal Age
10:39 Double-Bit Axe
11:19 Domestication
15:57 Forging
17:35 Scale Barding Armor
25:05 Castle Age
24:55 Gold Mining
25:51 Wheelbarrow
26:39 Iron Casting
26:24 Chain Barding Armor
26:12 Husbandry
31:19 Fletching
32:08 Bodkin Arrow
32:31 Town Watch
38:33 Bow Saw
38:26 Pastoralism
39:17 Light Cavalry
armigame1
7:01 Loom
9:26 Feudal Age
10:14 Horse Collar
19:45 Bloodlines
21:47 Castle Age
19:40 Gold Mining
20:09 Scale Barding Armor
20:44 Bloodlines
20:51 Double-Bit Axe
23:12 Gold Shaft Mining
33:32 Husbandry
34:31 Chain Barding Armor
OmarGutieG
7:11 Loom
9:13 Feudal Age
14:17 Fletching
22:46 Castle Age
21:21 Padded Archer Armor
22:51 Crossbowman
23:46 Bodkin Arrow
24:38 Double-Bit Axe
28:31 Ballistics
30:26 Thumb Ring
33:38 Wheelbarrow
39:12 Hand Cart
Connection lost

Rejoining the realm…

Still unreachable

The connection could not be restored.

Session expired

The server has moved on; the page needs a fresh start.